Map: Orbital Shipyard

Players

DeadHead - Winner!

  • Race: Zerg Zerg
  • League: Grandmaster

Javert

  • Race: Zerg Zerg
  • League: Grandmaster

VOD

Have the link to the VOD?

Description

Time

  • Played on: June 21, 2015, 11:41 p.m.
  • Length: 15:07
Show
View Real Time Build Order
Export as new Build Order

DeadHead Zerg - Winner!

Build Orders: Hatch First 

Get SALT Encoding   

  12  0:01  Drone  
  13  0:13  Overlord  
  13  0:17  Drone  
  14  0:31  Drone x2  
  14  0:35  Drone  
  17  0:53  Hatchery  
  17  0:55  Drone  
  17  1:02  Extractor  
  17  1:03  Drone  
  17  1:07  Drone  
  18  1:18  Spawning Pool  
  18  1:21  Drone  
  18  1:29  Drone  
  19  1:39  Drone  
  20  1:50  Drone  
  21  2:05  Queen x2  
  21  2:07  Metabolic Boost  
  25  2:13  Drone x2  
  27  2:19  Drone  
  27  2:20  Overlord  
  27  2:22  Overlord  
  28  2:38  Drone  
  28  2:40  Drone, Queen  
  32  2:46  Evolution Chamber  
  32  2:48  Drone  
  32  2:49  Drone  
  33  2:52  Drone  
  33  2:56  Drone  
  35  3:00  Drone  
  36  3:05  Zergling x2  
  37  3:21  Zergling x8  
  41  3:31  Queen  
  41  3:33  Drone  
  44  3:35  Overlord x2  
  44  3:38  Extractor  
  43  3:53  Drone  
  43  3:54  Drone x2  
  43  3:55  Drone x3  
  49  3:59  Zerg Ground Armor Level 1  
  49  4:03  Hatchery  
  47  4:26  Zergling x2  
  47  4:27  Zergling x18  
  55  4:36  Zergling x4  
  55  4:37  Zergling x6  
  60  4:40  Evolution Chamber  
  60  4:43  Hatchery  
  58  4:46  Extractor  
  58  4:48  Drone x2  
  58  4:49  Baneling Nest  
  58  5:04  Overlord x2  
  58  5:05  Zergling x10  
  54  5:19  Drone x4  
  54  5:20  Drone  
  49  5:32  Drone x2  
  51  5:38  Drone x2  
  51  5:39  Drone  
  51  5:41  Extractor  
  52  5:53  Baneling  
  52  5:54  Baneling x2  
  48  5:58  Zergling x2  
  48  5:59  Zergling x10  
  51  6:07  Drone x3  
  54  6:17  Zerg Melee Weapons Level 1  
  51  6:19  Lair  
  51  6:20  Drone x12  
  51  6:25  Spine Crawler  
  62  6:28  Drone x3  
  65  6:34  Extractor  
  65  6:35  Extractor  
  62  6:42  Baneling x3  
  62  6:43  Baneling x2  
  63  6:47  Drone x2  
  63  6:49  Drone x3  
  63  6:50  Drone x2  
  63  6:51  Drone x3  
  63  6:53  Drone x2  
  74  6:55  Overlord  
  74  7:02  Drone  
  74  7:03  Drone  
  74  7:05  Zergling x6  
  74  7:08  Zergling x16  
  87  7:21  Spire  
  86  7:23  Drone  
  86  7:24  Drone x2  
  86  7:29  Overseer  
  88  7:40  Drone  
  88  7:41  Drone  
  90  8:00  Hatchery  
  74  8:17  Zergling x4  
  74  8:18  Zergling x44  
  92  8:31  Overlord  
  90  8:48  Overlord x2  
  90  8:49  Queen x2  
  90  8:50  Zerg Flyer Weapons Level 1  
  90  8:51  Overlord x3  
  90  8:54  Queen  
  90  8:55  Overlord x2  
  96  8:56  Overlord  
  75  9:24  Queen  
  75  9:25  Zergling x2  
  75  9:26  Zergling x22  
  87  9:38  Drone x3  
  83  9:57  Mutalisk x9  
  100  10:04  Drone  
  100  10:06  Extractor  
  99  10:07  Extractor  
  99  10:09  Mutalisk  
  99  10:10  Mutalisk x9  
  109  10:29  Drone x2  
  109  10:32  Drone  
  112  10:42  Infestation Pit  
  111  10:44  Zerg Flyer Armor Level 1  
  111  10:45  Drone, Mutalisk  
  111  10:46  Mutalisk x2  
  111  10:47  Mutalisk  
  120  10:50  Hatchery  
  119  10:58  Zergling x2  
  119  10:59  Zergling x30  
  119  11:01  Spine Crawler x2, Centrifical Hooks  
  133  11:04  Spine Crawler x2  
  133  11:05  Overlord x3  
  133  11:07  Drone  
  133  11:08  Drone x4  
  130  11:35  Zergling x2  
  130  11:36  Zergling x16  
  137  11:48  Mutalisk  
  137  11:49  Mutalisk x7  
  137  11:51  Overlord x2  
  153  11:56  Zerg Melee Weapons Level 2  
  153  11:59  Queen  
  153  12:01  Drone  
  156  12:08  Baneling x8  
  156  12:17  Hatchery  
  150  12:52  Hive  
  150  12:53  Zergling x22  
  150  12:54  Zergling x26  
  150  12:55  Baneling  
  150  12:56  Baneling x24  
  174  13:05  Drone  
  175  13:06  Drone x2  
  175  13:08  Zergling x2  
  178  13:18  Drone x3  
  181  13:38  Mutalisk x2  
  181  13:39  Mutalisk x4  
  193  13:53  Burrow  
  193  13:56  Drone x3, Extractor x2  
  193  13:58  Zergling x2  
  193  13:59  Zergling x10  
Show
View Real Time Build Order
Export as new Build Order

Javert Zerg 

Build Orders: Hatch First, Zergling Baneling 

Get SALT Encoding   

  12  0:01  Drone  
  13  0:13  Overlord  
  13  0:20  Drone  
  14  0:32  Drone  
  14  0:33  Drone  
  17  0:35  Drone  
  17  0:52  Hatchery  
  17  0:56  Drone  
  17  0:59  Extractor  
  17  1:03  Drone  
  17  1:09  Drone  
  18  1:20  Spawning Pool  
  18  1:22  Drone  
  18  1:29  Drone  
  19  1:40  Drone  
  20  1:52  Drone  
  21  2:07  Queen  
  23  2:08  Queen  
  23  2:10  Zergling x4  
  23  2:13  Overlord  
  27  2:17  Zergling x2  
  27  2:18  Metabolic Boost  
  28  2:32  Drone x2  
  30  2:49  Drone x4  
  34  2:55  Baneling Nest  
  34  2:57  Drone  
  34  3:07  Drone x2  
  33  3:32  Overlord  
  33  3:33  Spine Crawler  
  32  3:38  Overlord  
  32  3:39  Overlord  
  32  3:49  Zergling x6  
  32  3:50  Zergling x2  
  36  3:58  Spine Crawler  
  35  4:05  Zergling x2  
  35  4:06  Zergling x12  
  37  4:25  Drone x6  
  37  4:30  Overlord  
  43  4:32  Lair  
  43  4:33  Drone x3  
  46  4:40  Hatchery, Drone  
  46  4:46  Baneling x6  
  46  4:47  Baneling x2  
  46  4:55  Drone x3  
  46  5:13  Drone x6  
  46  5:14  Drone  
  45  5:22  Zergling x8  
  45  5:26  Roach Warren  
  45  5:28  Extractor  
  47  5:29  Extractor  
  47  5:30  Queen, Extractor  
  47  5:33  Zergling x4  
  49  5:42  Baneling  
  49  5:43  Baneling x6  
  46  6:05  Zergling x18  
  46  6:06  Zergling x2  
  54  6:21  Glial Reconstitution  
  53  6:45  Roach x6  
  65  6:48  Overlord x2  
  65  7:03  Overseer  
  65  7:06  Roach  
  65  7:07  Roach x7  
  81  7:13  Evolution Chamber  
  80  7:16  Overlord x2  
  80  7:18  Drone x2  
  80  7:19  Overlord  
  82  7:29  Overlord  
  82  7:30  Overlord  
  82  7:34  Burrow, Drone  
  82  7:35  Drone x3  
  75  8:18  Roach  
  62  8:20  Roach x11  
  72  8:36  Zerg Missile Weapons Level 1  
  72  8:40  Roach x4  
  80  8:46  Spore Crawler  
  80  8:47  Spore Crawler x2  
  77  8:50  Spore Crawler  
  77  8:51  Spore Crawler x2  
  77  8:53  Spore Crawler  
  77  8:54  Spore Crawler  
  77  8:55  Spore Crawler, Drone x5  
  76  8:56  Hydralisk Den  
  65  9:11  Roach x5  
  59  9:22  Drone  
  59  9:23  Drone x8  
  55  9:41  Roach x6  
  67  9:53  Roach  
  67  9:55  Drone x3  
  67  9:57  Roach x3  
  67  9:58  Muscular Augments  
  67  9:59  Hydralisk x2  
  63  10:23  Hatchery, Hydralisk x3  
  63  10:28  Roach x2  
  72  10:31  Drone  
  73  10:41  Spore Crawler  
  73  10:42  Roach  
  74  10:44  Roach  
  74  10:45  Roach x2  
  80  11:03  Spore Crawler x2  
  78  11:04  Spore Crawler  
  78  11:06  Spore Crawler  
  78  11:09  Spore Crawler  
  75  11:13  Hydralisk  
  76  11:32  Hydralisk  
  67  11:46  Infestation Pit  
  66  11:51  Spore Crawler  
  65  11:55  Hydralisk x2  
  65  11:57  Overlord  
  65  11:58  Overlord x2  
  69  12:16  Queen  
  71  12:37  Overlord x2  
  71  12:41  Hive  
  71  12:42  Overlord x2  
  71  12:50  Hydralisk x2  
  75  12:52  Overlord x2  
  75  13:10  Roach  
  75  13:11  Roach x7  
  91  13:17  Overlord  
  91  13:55  Viper x4  
  91  13:56  Viper  
  106  14:25  Hatchery  
Tags
 
Add a new tag
Caveats
  • Supply blocks, unpowered buildings, or Contaminate may cause inaccurate times.
  • Supply counts are checked every 10 seconds.